 Dungeon Crawl Stone Soup version 0.26-a0-284-g73c0fb6129 (webtiles) character file.

Game seed: 12128569630128732805

18191 BritishOli the Fighter (level 12, -5/148 HPs)
             Began as a Demonspawn Fighter on July 13, 2020.
             Was a High Priest of Okawaru.
             Slain by Jorgrun
             ... wielding a +0 vorpal quarterstaff
              (11 damage)
             ... on level 13 of the Dungeon.
             The game lasted 00:20:50 (12730 turns).

BritishOli the Fighter (Demonspawn Fighter)        Turns: 12730, Time: 00:20:51

Health: -5/148     AC: 26    Str: 20    XL:     12   Next: 25%
Magic:  12/12      EV:  6    Int: 11    God:    Okawaru [*****.]
Gold:   1036       SH: 17    Dex: 13    Spells: 11/11 levels left

rFire    + . .     SeeInvis .   B - +2 scimitar (distort)
rCold    . . .     Faith    .   c - +0 kite shield
rNeg     . . .     Spirit   .   C - +0 acid dragon scales
rPois    .         Reflect  +   s - +1 hat
rElec    .         Harm     .   (no cloak)
rCorr    +                      (no gloves)
MR       +....                  g - +2 pair of boots
Stlth    ..........             r - amulet of reflection
HPRegen  1.34/turn              o - +4 ring of protection
MPRegen  0.13/turn              b - ring of protection from magic

@: berserking, about to teleport, grasped by roots, sanguine armour, hasted and
slowed, constricted
A: hooves 2, fire resistance 1, powered by death 3, sanguine armour 2
a: Heroism, Finesse, Renounce Religion


You were on level 13 of the Dungeon.
You worshipped Okawaru.
Okawaru was extremely pleased with you.
You visited 2 branches of the dungeon, and saw 14 of its levels.

You collected 1036 gold pieces.

Inventory:

Hand Weapons
 B - a +2 scimitar of distortion (weapon)
 F - a +0 scimitar of flaming
 K - the +5 glaive of Lisoic {venom, Int+5 Dex+4, unknown}
   (Okawaru gifted it to you on level 4 of the Dungeon)

   It poisons the flesh of those it strikes.
   It affects your intelligence (+5).
   It affects your dexterity (+4).
Missiles
 j - 2 throwing nets (quivered)
Armour
 c - a +0 kite shield (worn)
 g - a +2 pair of boots (worn)
 s - a +1 hat (worn)
 C - +0 acid dragon scales (worn)
Jewellery
 b - a ring of protection from magic (right hand)
 o - a +4 ring of protection (left hand)
 r - an amulet of reflection (around neck)
 y - an uncursed ring of ice
 z - an uncursed amulet of guardian spirit
 I - an uncursed ring of flight
 O - an uncursed ring of wizardry {unknown}
Wands
 f - a wand of clouds (4)
 h - a wand of acid (11)
 t - a wand of iceblast (8)
 u - a wand of paralysis (18)
 w - a wand of enslavement (14)
 A - a wand of polymorph (6)
Scrolls
 e - 3 scrolls of random uselessness {unknown}
 i - a scroll of blinking {unknown}
 l - 9 scrolls of teleportation
 m - 5 scrolls of remove curse
 n - 2 scrolls of amnesia {unknown}
 p - 6 scrolls of immolation {unknown}
 q - a scroll of enchant armour {unknown}
 x - a scroll of fear {unknown}
 D - a scroll of acquirement
 E - 3 scrolls of fog
Potions
 a - a potion of haste
 d - 5 potions of might
 k - a potion of curing
 v - a potion of berserk rage
 H - 2 potions of resistance
 J - 6 potions of ambrosia
 L - a potion of magic
 M - a potion of invisibility


   Skills:
 + Level 10.7 Fighting
 + Level 9.6 Long Blades
 + Level 9.8 Armour
 + Level 9.8 Shields


You had 11 spell levels left.
You didn't know any spells.
Your spell library contained the following spells:

 Spells                   Type           Power        Failure   Level
 Animate Skeleton         Necr           #.....       65%         1
 Freeze                   Ice            #...         65%         1
 Pain                     Necr           #...         65%         1
 Confusing Touch          Hex            #.......     95%         3
 Frozen Ramparts          Ice            #.....       95%         3
 Gell's Gravitas          Tloc           #.........   95%         3
 Ozocubu's Armour         Chrm/Ice       #.......     95%         3
 Vampiric Draining        Necr           #.........   95%         3
 Animate Dead             Necr           #.........   100%        4
 Hailstorm                Conj/Ice       #.......     100%        4
 Petrify                  Tmut/Erth      #.......     100%        4
 Summon Ice Beast         Ice/Summ       #.......     100%        4
 Agony                    Necr           #.......     100%        5
 Metabolic Englaciation   Hex/Ice        #.........   100%        5
 Yara's Violent Unravell  Hex/Tmut       #.........   100%        5


Dungeon Overview and Level Annotations

Branches:
Dungeon (13/15)            Temple (1/1) D:4            Lair (0/6) D:8
    Orc (0/2) D:12
 Vaults: D:13-14

Altars:
Ashenzari
Cheibriados
Dithmenos
Elyvilon
Fedhas
Gozag
Hepliaklqana
Kikubaaqudgha
Makhleb
Nemelex Xobeh
Okawaru
Qazlal
Ru
Sif Muna
Trog
Uskayaw
Vehumet
Wu Jian
Xom
Yredelemnul
Zin
The Shining One

Shops:
D:4 }   D:8 *   D:13 ?

Annotations:
D:13 Jorgrun
Abyss:1 Pikel, Psyche


Innate Abilities, Weirdness & Mutations

You have hoof-like feet.
Your flesh is heat resistant. (rF+)
You regenerate a lot of health from kills.
When seriously injured, your bleeding wounds create thick armour. (AC +9)


Message History

* * * LOW HITPOINT WARNING * * *
You block the troll's attack.
The soldier ant stings you but does no damage.
The centaur warrior skeleton hits you but does no damage.
You feel better. The hornet stings you!
* * * LOW HITPOINT WARNING * * *
You feel yourself slow down. Jorgrun gestures at you while chanting.
You easily resist.
The grasping roots constrict you.
You block the troll's attack. x2; The troll closely misses you.
A red film seems to cover your vision as you go berserk!
You feel yourself moving faster!
You feel mighty!
You block the centaur warrior skeleton's attack.
You block the hornet's attack.
The soldier ant stings you but does no damage.
The centaur warrior skeleton hits you but does no damage.
The troll bites you but does no damage. The troll claws you.
* * * LOW HITPOINT WARNING * * *
You block the troll's attack. You block Jorgrun's attack.
You die...

.####.... .
......... ..
......... ...##
#....?...
.....##........
............<..
......DTZ....#
.⌠.⌠..y@#
..∩...ag#
.⌠.⌠.....
..........
...........
............
...=....#....
..............


You could see Jorgrun, a troll, a soldier ant, a hornet, an acid dragon and a
centaur warrior skeleton.

Vanquished Creatures
  Erica (D:8)
  A two-headed ogre (D:8)
  An ugly thing (D:12)
  A cyclops (D:12)
  A gargoyle (D:11)
  The ghost of BritishOli the Ducker, a novice DsGl of Okawaru (D:4)
  Maggie (D:7)
  A kobold demonologist (D:11)
  4 polar bears (D:10)
  Grinder (D:4)
  A queen bee (D:8)
  A hornet (D:9)
  A hippogriff (D:8)
  A shadow (D:12)
  A wyvern (D:8)
  A hog (D:10)
  A yak (D:10)
  A vampire (D:10)
  A basilisk (D:12)
  A wraith (D:11)
  The ghost of Armakuni the Slasher, an amateur HuSk (D:5)
  Menkaure (D:5)
  2 soldier ants
  6 orc warriors
  3 ice beasts
  8 black bears
  2 phantoms
  2 eyes of draining (D:9)
  A wolf (D:10)
  6 ogres
  2 centaurs
  A crocodile (D:11)
  2 lemures (D:7)
  2 big kobolds
  12 bullfrogs
  6 scorpions
  29 killer bees
  16 wights
  8 howler monkeys
  3 bullfrog zombies
  3 centaur zombies (D:11)
  A quasit (D:6)
  4 jellies
  6 orc priests
  2 hounds
  Jessica (D:2)
  6 iguanas
  4 orc wizards
  6 worker ants
  A killer bee zombie (D:8)
  2 hound zombies
  A hound skeleton (D:5)
  A worker ant zombie (D:11)
  4 gnolls (D:10)
  14 adders
  A shadow imp (D:5)
  2 white imps
  3 ufetubi
  2 adder zombies (D:6)
  2 dart slugs
  2 leopard geckos
  41 orcs
  2 ball pythons
  14 bats
  8 giant cockroaches
  11 goblins
  10 hobgoblins
  8 jackals
  3 quokkas
  A ball python skeleton (D:4)
  8 frilled lizards
  A goblin skeleton (D:5)
  4 hobgoblin zombies (D:5)
  20 kobolds
  2 kobold skeletons (D:5)
  2 kobold zombies (D:5)
  2 orc zombies (D:5)
  2 quokka skeletons
  A quokka zombie (D:8)
  7 rats
351 creatures vanquished.

Vanquished Creatures (others)
  A hydra (D:11)
  A kobold demonologist (D:11)
  2 trolls (D:12)
  3 hippogriffs
  A shadow (D:12)
  A wyvern (D:11)
  A swamp drake (D:12)
  An ice beast (D:11)
  An ogre (D:7)
  A sky beast (D:10)
  3 black bears
  2 big kobolds
  7 killer bees
  A wight (D:8)
  A centaur zombie (D:8)
  An orc priest (D:9)
  2 orc wizards
  4 orcs
  A kobold (D:11)
35 creatures vanquished.

Grand Total: 386 creatures vanquished

Notes
Turn   | Place    | Note
-------+----------+-------------------------------------------
     0 | D:1      | BritishOli the Demonspawn Fighter began the quest for the
                  | Orb.
     0 | D:1      | Reached XP level 1. HP: 18/18 MP: 1/1
   323 | D:1      | Gained mutation: When seriously injured, your bleeding
                  | wounds create armour. (AC +9) [demonic ancestry]
   323 | D:1      | Reached XP level 2. HP: 23/24 MP: 2/2
   741 | D:1      | Reached XP level 3. HP: 16/29 MP: 3/3
  1525 | D:2      | Noticed Jessica
  1537 | D:2      | Killed Jessica
  1537 | D:2      | Reached XP level 4. HP: 25/36 MP: 4/4
  2126 | D:3      | Noticed an ogre
  2397 | D:3      | HP: 1/37 [ogre/+0 giant spiked club (22)]
  2719 | D:2      | Killed an ogre
  2719 | D:2      | Reached skill level 4 in Fighting
  2719 | D:2      | Gained mutation: Your flesh is heat resistant. (rF+)
                  | [demonic ancestry]
  2719 | D:2      | Reached XP level 5. HP: 25/42 MP: 5/5
  3391 | D:4      | Found Ahabla's Gadget Shop.
  3455 | D:4      | Gained mutation: You have large cloven feet. [demonic
                  | ancestry]
  3455 | D:4      | Reached XP level 6. HP: 45/48 MP: 6/6
  3619 | D:4      | Found a staircase to the Ecumenical Temple.
  3791 | Temple   | Entered the Ecumenical Temple
  3940 | D:4      | Noticed Grinder
  3972 | D:4      | Killed Grinder
  4096 | D:5      | Entered Level 5 of the Dungeon
  4162 | D:5      | Gained mutation: You regenerate a little health from kills.
                  | [demonic ancestry]
  4162 | D:5      | Reached XP level 7. HP: 31/55 MP: 7/7
  4338 | D:5      | Reached skill level 5 in Fighting
  4635 | D:5      | Found an opulent altar of Gozag.
  4800 | D:5      | Noticed Menkaure
  4809 | D:5      | Killed Menkaure
  5085 | D:5      | Found a runed translucent gate.
  5105 | D:5      | Found a runed translucent gate.
  5106 | D:5      | Found a runed translucent gate.
  5111 | D:5      | Found a glowing golden altar of the Shining One.
  5625 | D:5      | Reached skill level 5 in Shields
  5705 | D:5      | Gained mutation: You regenerate health from kills. [demonic
                  | ancestry]
  5705 | D:5      | Reached XP level 8. HP: 54/63 MP: 8/8
  5979 | D:5      | Noticed Armakuni's ghost (amateur HuSk)
  5979 | D:5      | Noticed BritishOli's ghost (novice DsGl)
  6019 | D:6      | Reached skill level 5 in Armour
  6236 | D:6      | Reached skill level 5 in Long Blades
  6249 | D:6      | Reached skill level 6 in Fighting
  6375 | D:6      | Found a snail-covered altar of Cheibriados.
  6564 | D:7      | Noticed Maggie
  6597 | D:7      | Killed Maggie
  6658 | D:7      | Reached XP level 9. HP: 41/71 MP: 9/9
  6861 | D:7      | Found an iron altar of Okawaru.
  6870 | D:7      | Became a worshipper of Warmaster Okawaru
  6899 | D:7      | Noticed Pikel
  6920 | D:7      | Banished Pikel
  6920 | D:7      | Reached skill level 7 in Fighting
  7708 | D:8      | Noticed Erica
  7721 | D:8      | Killed Erica
  7721 | D:8      | Reached * piety under Okawaru
  7721 | D:8      | Reached ** piety under Okawaru
  7963 | D:8      | Noticed a two-headed ogre
  7971 | D:8      | Killed a two-headed ogre
  7971 | D:8      | Reached skill level 8 in Fighting
  7971 | D:8      | Gained mutation: You regenerate a lot of health from kills.
                  | [demonic ancestry]
  7971 | D:8      | Reached XP level 10. HP: 74/80 MP: 10/10
  8078 | D:8      | Found a staircase to the Lair.
  8207 | D:8      | Found Wetimacw's General Store.
  8565 | D:8      | Found an ornate altar of the Wu Jian Council.
  8660 | D:9      | Reached *** piety under Okawaru
  8719 | D:9      | Found a bloodstained altar of Trog.
  8871 | D:9      | Found a stormy altar of Qazlal.
  8936 | D:9      | Found a shimmering altar of Xom.
  9054 | D:8      | HP: 3/82 [killer bee (9)]
  9360 | D:9      | Reached **** piety under Okawaru
  9371 | D:9      | Reached skill level 9 in Fighting
  9590 | D:9      | Gained mutation: When seriously injured, your bleeding
                  | wounds create thick armour. (AC +9) [demonic ancestry]
  9590 | D:9      | Reached XP level 11. HP: 89/89 MP: 11/11
  9680 | D:9      | Found an iron altar of Okawaru.
  9720 | D:9      | Identified a scroll of acquirement
  9748 | D:10     | Entered Level 10 of the Dungeon
  9829 | D:10     | Reached ***** piety under Okawaru
  9943 | D:10     | Found a huge runed translucent gate.
  9943 | D:10     | Found a huge runed translucent gate.
  9943 | D:10     | Found a huge runed translucent gate.
  9943 | D:10     | Found a huge runed translucent gate.
 10514 | D:10     | Received a gift from Okawaru
 10768 | D:4      | Killed BritishOli's ghost
 10768 | D:4      | Received a gift from Okawaru
 10769 | D:4      | Got a shimmering glaive {god gift}
 10775 | D:5      | Killed Armakuni's ghost
 11351 | D:11     | Reached skill level 10 in Fighting
 11737 | D:11     | Noticed a seven-headed hydra
 11741 | D:11     | Banished an eight-headed hydra
 11861 | D:11     | Noticed Psyche
 11863 | D:11     | Banished Psyche
 12126 | D:12     | Gained mutation: You have hoof-like feet. [demonic
                  | ancestry]
 12126 | D:12     | Reached XP level 12. HP: 78/98 MP: 12/12
 12538 | D:12     | Found a staircase to the Orcish Mines.
 12553 | D:12     | Received a gift from Okawaru
 12715 | D:13     | Found Wumegun's Magic Scroll Boutique.
 12718 | D:13     | Noticed Jorgrun
 12729 | D:13     | HP: 4/99 [hornet (10)]
 12730 | D:13     | Slain by Jorgrun

Illustrated notes

Levels and vault maps discovered:
D:1:      sevenhm_arrival_forest_fort_large_2, layout_basic, serial_glass,
          glass_columns_a, glass_columns_a, item_on_display_a, feat_on_display,
          feat_on_display
D:2:      layout_basic, kennysheep_generic_room_4, uniq_jessica
D:3:      kennysheep_six_static_rooms, layout_loops_ring
D:4:      layout_loops_ring, minmay_temple_entry_hall, serial_shops,
          kennysheep_mini, uniq_grinder
D:5:      minmay_chambers_of_fours, layout_layer_cave,
          nicolae_tso_besieged_by_evil, lemuel_coloured_pillars_altar,
          gammafunk_ghost_cemetery, uniq_menkaure
D:6:      layout_rooms, kennysheep_slug_shrine
D:7:      minmay_bubble_buster, layout_basic, basic_altar, uniq_pikel,
          uniq_maggie
D:8:      layout_loops_ring, lemuel_round_altar, lair_entry_dummy, serial_shops,
          shop, uniq_erica
D:9:      layout_basic, okawaru_metal_pillars_1_2, trog_eyes_of_draining,
          nicolae_qazlal_style_of_elements, marbit_many_paths, special_room
          [special_room_bee]
D:10:     lemuel_bear_cage, layout_basic, nicolae_straight_to_the_point
D:11:     layout_loops_cross, nrook_mini_backslash, uniq_psyche
D:12:     layout_cave_pools, erik_orc_1
D:13:     layout_basic, enter_bailey_1, serial_shops, shop_fountains,
          basic_altar, uniq_jorgrun, uniq_sonja
Temple:   eino_temple_lava

Skill      XL: |  1  2  3  4  5  6  7  8  9 10 11 |
---------------+----------------------------------+-----
Long Blades    | 2 3 4 5 7 8 9 |  9.6
Shields        | 3 4 5 6 7 8 9 |  9.8
Armour         | 3 4 5 7 8 9 |  9.8
Fighting       | 4 5 6 8 9 10 | 10.7

Action                   |  1- 3 |  4- 6 |  7- 9 | 10-12 || total
-------------------------+-------+-------+-------+-------++-------
Melee: Long sword        |   148 |   148 |   197 |       ||   493
       Falchion          |       |       |   106 |       ||   106
       Scimitar          |       |       |    96 |   682 ||   778
Throw: Throwing net      |       |     3 |       |       ||     3
Evoke: Wand              |       |       |     7 |     1 ||     8
  Use: Potion            |       |     1 |     1 |     6 ||     8
       Scroll            |       |       |       |    14 ||    14
 Stab: Paralysed         |       |       |    24 |     2 ||    26
       Sleeping          |       |       |       |     1 ||     1
Armor: Scale mail        |   109 |   118 |   117 |       ||   344
       Acid dragon scale |       |       |    30 |   288 ||   318
Dodge: Dodged            |    57 |    87 |    86 |   233 ||   463
Block: Kite shield       |   100 |   121 |   291 |   697 ||  1209
       Reflection        |       |       |     6 |    20 ||    26
       Rpst.: Long sword |    17 |    21 |    12 |       ||    50
       Falchion          |       |       |     3 |       ||     3
       Scimitar          |       |       |    12 |    68 ||    80

Table legend:
 A = Non-vault XP
 B = Vault XP
 C = Vault XP percentage of total XP
 D = Non-vault monster count
 E = Vault monster count
 F = Vault count percentage of total count
                 A         B        C        D         E       F
            +---------+---------+-------+---------+---------+-------
      Total |   15332 |   10656 |  41.0 |     274 |     112 |  29.0
            +---------+---------+-------+---------+---------+-------
        D:1 |      50 |       0 |   0.0 |      29 |       0 |   0.0
        D:2 |     148 |      41 |  21.7 |      19 |       3 |  13.6
        D:3 |      87 |      19 |  17.9 |      21 |       5 |  19.2
        D:4 |      88 |     710 |  89.0 |       6 |       2 |  25.0
        D:5 |     237 |     658 |  73.5 |       7 |      19 |  73.1
        D:6 |     635 |       4 |   0.6 |      16 |       1 |   5.9
        D:7 |     721 |    1720 |  70.5 |      18 |      15 |  45.5
        D:8 |    1980 |    1694 |  46.1 |      18 |      10 |  35.7
        D:9 |    1473 |    1582 |  51.8 |      28 |      22 |  44.0
       D:10 |    2242 |    3189 |  58.7 |      46 |      17 |  27.0
       D:11 |    4075 |     434 |   9.6 |      37 |       1 |   2.6
       D:12 |    3448 |     605 |  14.9 |      28 |      17 |  37.8
       D:13 |     148 |       0 |   0.0 |       1 |       0 |   0.0
            +---------+---------+-------+---------+---------+-------
